 Dungeon Crawl Stone Soup version 0.17-a0-2122-g03d97ec (webtiles) character file.

3376 Arkorax the Frost Mage (level 10, 0/75 HPs)
             Began as a Naga Ice Elementalist on Oct 21, 2015.
             Was a High Priest of Sif Muna.
             Hit by a poisoned tomahawk thrown by an orc warrior (13 damage)
             ... on level 8 of the Dungeon.
             The game lasted 00:46:17 (10689 turns).

Arkorax the Frost Mage (Naga Ice Elementalist)     Turns: 10689, Time: 00:46:18

Health: 0/75       AC:  8    Str: 11      XL:     10   Next: 3%
Magic:  3/13       EV:  9    Int: 23      God:    Sif Muna [*****.]
Gold:   319        SH:  0    Dex: 10 (12) Spells: 3 memorised, 4 levels left

rFire  x . .     SeeInvis +     N - +0 scimitar
rCold  + . .     Clarity  .     a - +0 robe
rNeg   + . .     SustAt   .     (no shield)
rPois  +         Gourm    .     D - +2 helmet
rElec  .         Spirit   .     q - +0 cloak
rCorr  .         Warding  +     (no gloves)
rMut   .         Stasis   .     (no barding)
MR     +....                    y - amulet of warding
Stlth  ++........               O - ring of ice
                                E - +5 ring of intelligence

@: lethally poisoned (0 -> -5), very slow, somewhat resistant to hostile
enchantments, unstealthy
A: see invisible, deformed body, poison resistance, slowness 2, slow metabolism
1, spit poison 2, AC +3
a: Spit Poison, Channel Energy, Forget Spell, Renounce Religion


You were on level 8 of the Dungeon.
You worshipped Sif Muna.
Sif Muna was extremely pleased with you.
You were not hungry.

You visited 1 branch of the dungeon, and saw 8 of its levels.

You collected 319 gold pieces.

Inventory:

Hand Weapons
 k - a +0 great mace
 o - a +0 whip of flaming
 N - a +0 scimitar (weapon)
Missiles
 r - 8 javelins (quivered)
 z - 33 poisoned needles
Armour
 a - a +0 robe (worn)
 q - a +0 cloak (worn)
 D - a +2 helmet (worn)
 M - a +0 leather armour
Jewellery
 x - a +2 ring of dexterity
 y - an amulet of warding (around neck)
 E - a +5 ring of intelligence (left hand)
 O - a ring of ice (right hand)
Wands
 H - a wand of magic darts (18)
Scrolls
 d - 2 scrolls of enchant weapon {unknown}
 l - 4 scrolls of magic mapping
 n - a scroll of random uselessness {unknown}
 p - a scroll of immolation {unknown}
 t - a scroll of fog {unknown}
 u - 5 scrolls of identify
 C - 2 scrolls of amnesia {unknown}
 G - 3 scrolls of teleportation {unknown}
 J - a scroll of fear {unknown}
 L - a scroll of remove curse {unknown}
 R - a scroll of recharging {unknown}
Potions
 e - 3 potions of curing
 f - a potion of might
 g - a potion of lignification {unknown}
 i - 3 potions of haste
 m - a potion of cure mutation {unknown}
 s - 2 potions of resistance {unknown}
 v - 3 potions of agility {unknown}
 w - a potion of ambrosia {unknown}
 K - 2 potions of brilliance {unknown}
 P - a potion of mutation {unknown}
Books
 b - a book of Frost

   Spells                             Type                      Level
   a - Freeze                         Ice                          1
   b - Throw Frost                    Conjuration/Ice              2
   c - Ozocubu's Armour               Charms/Ice                   3
   d - Throw Icicle                   Conjuration/Ice              4
   e - Summon Ice Beast               Ice/Summoning                4
   f - Condensation Shield            Ice                          4
Comestibles
 c - 7 bread rations
 A - a meat ration
 B - a royal jelly


   Skills:
 - Level 2.1 Long Blades
 - Level 1.5 Dodging
 - Level 3.0 Stealth
 - Level 2.0 Spellcasting
 - Level 3.0 Conjurations
 - Level 4.3 Summonings
 + Level 12.5 Ice Magic


You had 4 spell levels left.
You knew the following spells:

 Your Spells              Type           Power        Failure   Level  Hunger
a - Freeze                Ice            ####         1%          1    #......
b - Summon Ice Beast      Ice/Summ       ######..     6%          4    #####..
c - Throw Icicle          Conj/Ice       ######..     8%          4    #####..


Dungeon Overview and Level Annotations

Branches:
Dungeon (8/15)             Temple (0/1) D:4
   Lair: D:8-11

Altars:
Cheibriados
Dithmenos
Fedhas
Kikubaaqudgha
Sif Muna
Yredelemnul


Innate Abilities, Weirdness & Mutations

You cannot wear boots.
Your serpentine skin is tough (AC +3).
You have supernaturally acute eyesight.
Armour fits poorly on your strangely shaped body.
Your system is resistant to poisons.
You cover ground very slowly.
You have a slow metabolism.
You can spit poison.


Message History

You hit the hill giant.
The hill giant is lightly wounded.
The hill giant hits you with a giant spiked club!
Your ice beast hits the hill giant.
Your ice beast freezes the hill giant!
Your ice beast hits the hill giant.
Your ice beast freezes the hill giant!
A wight comes into view.
It is wielding an enchanted short sword.
Your ice beast hits the hill giant.
Your ice beast freezes the hill giant!!
Your ice beast barely misses the hill giant.
Your ice beast hits the hill giant but does no damage.
Your ice beast hits the hill giant.
Your ice beast freezes the hill giant!!
The hill giant dies!
You have reached level 10!
The orc warrior throws a poisoned tomahawk.
The poisoned tomahawk hits you!
* * * LOW HITPOINT WARNING * * *
You are poisoned.
Your ice beast barely misses the orc warrior.
The orc warrior throws a poisoned tomahawk.
The poisoned tomahawk hits you!
You die...

............ ... #.#
##.... ###.........
..# ##.###.####
##.####.......####.#
#...#.## #.##
#######...##.###..#.##
.#..#
###..#..#÷##....#
#.###
#†.#####.#.#....# #.#
#.T.##Y..##.##(..#.#
## ##.
#o).#.##.#)....# #
#z#.#@.#..#....##
..###Y..#.(#..†.# ..#.
##.#.##)(...# # .# .
#.##.##...### # # ..#
.###...# # .#. ..
#...# # . ##. #...# #.
## #...# . #....


You could see an orc warrior and 2 friendly ice beasts.

Vanquished Creatures
  Pikel (D:4)
  3 ice beasts
  An ogre (D:4)
  A big kobold (D:8)
  Blork the orc (D:4)
  A giant frog (D:6)
  A water moccasin zombie (D:6)
  A scorpion (D:4)
  2 hounds
  2 quasits
  4 orc priests
  2 orc wizards
  3 worker ants
  A killer bee zombie (D:5)
  A worker ant zombie (D:6)
  6 adders
  6 gnolls
  A shadow imp (D:8)
  An ooze (D:2)
  3 worms
  An adder skeleton (D:6)
  4 giant geckos
  20 orcs
  5 giant cockroaches
  8 goblins
  19 hobgoblins
  17 kobolds
  3 quokkas
  2 ball pythons
  9 bats
  A giant gecko skeleton (D:5)
  7 giant newts
  10 jackals
  A jackal skeleton (D:4)
  8 rats
157 creatures vanquished.

Vanquished Creatures (collateral kills)
  A hill giant (D:8)
  The ghost of alpinistek the Magician, a novice DsIE of Yredelemnul (D:6)
  A troll (D:8)
  A spriggan (D:8)
  2 wyverns (D:8)
  Eustachio (D:6)
  The ghost of Arkorax the Chiller, an amateur NaIE (D:3)
  A water moccasin (D:8)
  Edmund (D:5)
  A sky beast (D:6)
  2 orc warriors
  2 ogres
  2 centaurs (D:6)
  A wyvern skeleton (D:8)
  A gnoll sergeant (D:6)
  A scorpion (D:4)
  2 crimson imps
  2 jellies
  An orc priest (D:6)
  3 hounds
  An orc wizard (D:8)
  5 worker ants
  12 gnolls
  2 adders
  A worm (D:5)
  An adder skeleton (D:6)
  7 orcs
  5 hobgoblins (D:6)
  A quokka (D:4)
  7 kobolds
70 creatures vanquished.

Vanquished Creatures (others)
  An adder (D:5)
  An orc (D:5)
  A giant gecko skeleton (D:4)
3 creatures vanquished.

Grand Total: 230 creatures vanquished

Notes
Turn   | Place    | Note
--------------------------------------------------------------
     0 | D:1      | Arkorax the Naga Ice Elementalist began the quest for the Orb.
     0 | D:1      | Reached XP level 1. HP: 15/15 MP: 3/3
   361 | D:1      | Reached XP level 2. HP: 22/22 MP: 5/5
   489 | D:1      | Reached skill level 4 in Ice Magic
   591 | D:1      | Reached XP level 3. HP: 25/28 MP: 2/6
  1287 | D:2      | Reached XP level 4. HP: 27/36 MP: 3/7
  1425 | D:2      | Learned a level 4 spell: Summon Ice Beast
  1518 | D:2      | Reached skill level 5 in Ice Magic
  1872 | D:2      | Reached skill level 1 in Summonings
  2174 | D:3      | Noticed Arkorax's ghost (amateur NaIE)
  2204 | D:3      | Killed Arkorax's ghost
  2204 | D:3      | Reached XP level 5. HP: 31/42 MP: 5/8
  2785 | D:3      | Reached XP level 6. HP: 43/49 MP: 5/9
  2986 | D:4      | Noticed Blork the orc
  3066 | D:4      | Found a snail-covered altar of Cheibriados.
  3078 | D:4      | Killed Blork the orc
  3078 | D:4      | Reached skill level 6 in Ice Magic
  3292 | D:4      | Found a deep blue altar of Sif Muna.
  3298 | D:4      | Found a shadowy altar of Dithmenos.
  3300 | D:4      | Found a basalt altar of Yredelemnul.
  3303 | D:4      | Became a worshipper of Sif Muna the Loreminder
  3307 | D:4      | Found an ancient bone altar of Kikubaaqudgha.
  3757 | D:4      | Found a staircase to the Ecumenical Temple.
  3792 | D:4      | Noticed Pikel
  3819 | D:4      | Killed Pikel
  3819 | D:4      | Reached * piety under Sif Muna
  3819 | D:4      | Reached skill level 7 in Ice Magic
  3819 | D:4      | Reached XP level 7. HP: 38/55 MP: 1/10
  3995 | D:4      | Reached skill level 8 in Ice Magic
  4476 | D:5      | Entered Level 5 of the Dungeon
  4502 | D:5      | Noticed Edmund
  4518 | D:4      | Reached XP level 8. HP: 62/62 MP: 5/11
  4574 | D:5      | Killed Edmund
  4899 | D:5      | Learned a level 4 spell: Throw Icicle
  4942 | D:5      | Reached ** piety under Sif Muna
  5271 | D:5      | Reached skill level 9 in Ice Magic
  7151 | D:6      | Found a blossoming altar of Fedhas.
  7310 | D:5      | Reached skill level 10 in Ice Magic
  7430 | D:6      | Reached *** piety under Sif Muna
  7430 | D:6      | Reached XP level 9. HP: 68/68 MP: 3/12
  8150 | D:6      | Noticed alpinistek's ghost (novice DsIE)
  8158 | D:6      | Killed alpinistek's ghost
  8158 | D:6      | Reached skill level 1 in Long Blades
  8427 | D:6      | Noticed Eustachio
  8492 | D:6      | Killed Eustachio
  8492 | D:6      | Reached skill level 11 in Ice Magic
  9295 | D:7      | Found a blossoming altar of Fedhas.
  9725 | D:8      | Reached **** piety under Sif Muna
 10492 | D:8      | Reached skill level 12 in Ice Magic
 10685 | D:8      | Noticed a hill giant
 10688 | D:8      | Killed a hill giant
 10688 | D:8      | Reached ***** piety under Sif Muna
 10688 | D:8      | Reached XP level 10. HP: 29/75 MP: 2/13
 10689 | D:8      | Hit by a poisoned tomahawk thrown by an orc warrior

Vault maps used:
D:1:      dpeg_arrival_connections, monster_avoids_cloud
D:2:      first_bread
D:4:      minitemple, temple_green, cheibriados_altar_1, uniq_blork_the_orc,
          uniq_pikel
D:5:      kennysheep_flooded_box, lemuel_flamethrower_2, uniq_edmund
D:6:      corexii_shantytown, fedhas_bush_and_centaur_altar, uniq_eustachio
D:7:      basic_altar
D:8:      minmay_ornate_pinched, the_bakery

Action                   |  1- 3 |  4- 6 |  7- 9 | 10-12 || total
-------------------------+-------+-------+-------+-------++-------
Melee: Unarmed           |     3 |       |       |       ||     3
       Short sword       |    11 |       |       |       ||    11
       Whip              |    11 |    76 |   370 |       ||   457
       Scimitar          |       |       |   172 |       ||   172
 Cast: Freeze            |    23 |    46 |    15 |       ||    84
       Summon Ice Beast  |       |     7 |    67 |       ||    74
       Throw Icicle      |       |       |     8 |       ||     8
Invok: Channel Energy    |       |       |     7 |       ||     7
 Abil: Spit Poison       |    35 |    24 |     8 |       ||    67
  Use: Potion            |       |       |     5 |       ||     5
       Scroll            |       |       |     3 |       ||     3
 Stab: Sleeping          |       |     2 |     5 |       ||     7
       Distracted        |       |       |     1 |       ||     1
  Eat: Chunk             |     3 |     2 |     6 |       ||    11
       Bread ration      |       |     2 |     5 |       ||     7
       Beef jerky        |       |       |     3 |       ||     3
       Meat ration       |       |       |     1 |       ||     1
